 Dungeon Crawl Stone Soup version 0.21-a0-529-g8c7b3f5 (webtiles) character file.

23254 Lasiace the Fighter (level 13, -8/103 HPs)
             Began as a Gnoll Wanderer on Dec 10, 2017.
             Was the Champion of Cheibriados.
             Killed from afar by a frost giant (36 damage)
             ... with a bolt of cold
             ... in an ice cave.
             The game lasted 01:08:29 (12732 turns).

Lasiace the Fighter (Gnoll Wanderer)               Turns: 12732, Time: 01:08:30

Health: -8/103     AC: 24    Str: 30    XL:     13   Next: 5%
Magic:  24/24      EV: 18    Int: 29    God:    Cheibriados [******]
Gold:   718        SH: 13    Dex: 35    Spells: 26/27 levels left

rFire    + . .     SeeInvis +   a - +2 war axe (flame)
rCold    . . .     Gourm    .   f - +0 buckler
rNeg     . . .     Faith    .   u - +3 chain mail
rPois    .         Spirit   .   (no helmet)
rElec    .         Reflect  .   r - +2 cloak
rCorr    .         Harm     .   s - +2 pair of gloves
MR       .....                  (no boots)
Stlth    ++........             (no amulet)
HPRegen  0.27/turn              I - +3 ring of protection
MPRegen  0.19/turn              U - ring of see invisible

@: very slow
A: distributed training, fangs 1, large bone plates 1, fire resistance 1,
mutation resistance 1, strong nose
a: Bend Time, Temporal Distortion, Slouch, Step From Time, Renounce Religion


You were in an ice cave.
You worshipped Cheibriados.
Cheibriados was exalted by your worship.
You were not hungry.

You visited 3 branches of the dungeon, and saw 12 of its levels.
You also visited: Sewer, Ossuary and Ice Cave.

You collected 732 gold pieces.
You spent 14 gold pieces at shops.

Inventory:

Hand Weapons
 a - a +2 war axe of flaming (weapon)
 b - a +0 hand crossbow
Missiles
 j - 111 bolts {@Q1}
 n - 167 arrows {@Q2}
 y - 4 poisoned tomahawks {@Q8}
 H - 7 javelins of penetration
 J - 10 tomahawks (quivered) {@Q8}
 P - 6 javelins {@Q9}
 W - 3 throwing nets {=f !f}
Armour
 f - a +0 buckler (worn)
 r - a +2 cloak (worn)
 s - a +2 pair of gloves (worn)
 u - a +3 chain mail (worn)
Jewellery
 I - a +3 ring of protection (left hand)
 U - a ring of see invisible (right hand)
Wands
 d - a wand of flame (27)
 l - a wand of paralysis (23)
 O - a wand of clouds (7)
 Q - a wand of iceblast (11)
 R - a wand of acid (10)
 V - a wand of polymorph (12)
Scrolls
 e - 5 scrolls of blinking {@r5}
 k - 9 scrolls of remove curse
 q - 3 scrolls of magic mapping {unknown}
 t - 3 scrolls of amnesia
 w - a scroll of torment {unknown}
 K - 2 scrolls of immolation {unknown}
 M - 9 scrolls of teleportation {@r3}
 N - a scroll of fog {unknown}
 S - a scroll of fear {unknown}
 X - 2 scrolls of enchant armour
Potions
 c - 6 potions of lignification {!q}
 g - a potion of flight {unknown}
 h - 4 potions of might
 m - 7 potions of curing {@q2}
 o - 6 potions of agility
 p - 5 potions of brilliance
 A - 3 potions of heal wounds {@q1}
 D - a potion of mutation {!q}
 F - a potion of magic
 T - a potion of resistance
 Y - a potion of ambrosia
 Z - a potion of haste {unknown}
Books
 B - a book of Cantrips

   Spells                             Type                      Level
   a - Confusing Touch                Hexes                        1
   b - Animate Skeleton               Necromancy                   1
   c - Summon Small Mammal            Summoning                    1
   d - Apportation                    Translocation                1
 E - a book of Power

   Spells                             Type                      Level
   a - Iskenderun's Battlesphere      Conjuration/Charms           5
   b - Venom Bolt                     Conjuration/Poison           5
   c - Bolt of Magma                  Conjuration/Fire/Earth       5
   d - Iron Shot                      Conjuration/Earth            6
   e - Orb of Destruction             Conjuration                  7
   f - Spellforged Servitor           Conjuration/Summoning        7
 G - a book of Conjurations

   Spells                             Type                      Level
   a - Magic Dart                     Conjuration                  1
   b - Searing Ray                    Conjuration                  2
   c - Dazzling Spray                 Conjuration/Hexes            3
   d - Fulminant Prism                Conjuration/Hexes            4
   e - Force Lance                    Conjuration/Translocation    4
   f - Iskenderun's Mystic Blast      Conjuration                  4
Miscellaneous
 L - a lamp of fire
Comestibles
 i - 5 fruits
 v - 10 meat rations
 x - 15 chunks of flesh
 z - 4 royal jellies
 C - 11 bread rations


   Skills:
 + Level 10.1 Fighting
 + Level 7.7 Short Blades
 + Level 7.7 Long Blades
 + Level 7.7 Axes
 + Level 8.2 Maces & Flails
 + Level 8.2 Polearms
 + Level 7.7 Staves
 + Level 7.7 Slings
 + Level 7.7 Bows
 + Level 7.7 Crossbows
 + Level 7.7 Throwing
 + Level 9.1 Armour
 + Level 8.2 Dodging
 + Level 8.1 Stealth
 + Level 7.7 Shields
 + Level 7.7 Unarmed Combat
 + Level 7.7 Spellcasting
 + Level 6.4 Conjurations
 + Level 6.4 Hexes
 + Level 6.4 Charms
 + Level 6.4 Summonings
 + Level 6.4 Necromancy
 + Level 6.4 Translocations
 + Level 6.4 Transmutations
 + Level 6.4 Fire Magic
 + Level 6.4 Ice Magic
 + Level 6.4 Air Magic
 + Level 6.4 Earth Magic
 + Level 6.4 Poison Magic
 + Level 8.5 Invocations
 + Level 8.2 Evocations


You had 26 spell levels left.
You knew the following spells:

 Your Spells              Type           Power        Failure   Level  Hunger
f - Apportation           Tloc           #####.       1%          1    None


Dungeon Overview and Level Annotations

Branches:
Dungeon (10/15)            Temple (1/1) D:4            Lair (1/6) D:9
    Orc (0/2) D:9

Altars:
Ashenzari
Cheibriados
Dithmenos
Elyvilon
Fedhas
Gozag
Hepliaklqana
Kikubaaqudgha
Makhleb
Nemelex Xobeh
Okawaru
Qazlal
Ru
Sif Muna
Trog
Uskayaw
Vehumet
Wu Jian
Xom
Yredelemnul
Zin
The Shining One

Shops:
D:4 (   D:6 *


Innate Abilities, Weirdness & Mutations

Your experience applies equally to all skills.
You have very sharp teeth.
Your uncanny sense of smell can sniff out nearby items.
You are partially covered in large bone plates. (SH +4)
Your flesh is heat resistant. (rF+)
You are somewhat resistant to further mutation.


Message History

Your chain mail prevents you from hitting the frost giant.
You bite the frost giant, but do no damage.
The frost giant is heavily wounded.
You slash the frost giant! You burn the frost giant.
You bite the frost giant, but do no damage.
The frost giant is heavily wounded.
The frost giant points at you and mumbles some strange words.
The bolt of cold hits you!
* * * LOW HITPOINT WARNING * * *
You hit the frost giant. You burn the frost giant.
The frost giant is severely wounded.
The frost giant misses you.
Your chain mail prevents you from hitting the frost giant.
The frost giant is severely wounded.
You block the frost giant's attack.
You slash the frost giant! You burn the frost giant.
The frost giant is severely wounded.
The frost giant casts a spell at you. The bolt of cold hits you!
You die... ∆ ∆)# ### ∆$. #.## ∆###. #####.(# ##... ###....### #.YYY

##...#....###
#hhC###..####.....##
#h..##..#####.....#
###C.###.#.#####...
#.@###...⌠.# ##..
###.#.#...## ###
##.###### #######
### ###....##
###...#....
###....######
##...#### ####...##
#.....## #


You could see a frost giant.

Vanquished Creatures
  The ghost of chequers the Nimble, a journeyman GnMo of Gozag (IceCv)
  4 two-headed ogres
  The ghost of BingusPrime the Shield-Bearer, a novice GnFi of Fedhas (D:6)
  3 unseen horrors (D:10)
  An ice statue (IceCv)
  2 spiny frogs (Lair:1)
  A gargoyle (D:10)
  2 rime drakes (Lair:1)
  2 komodo dragons (D:9)
  Grinder (D:6)
  3 hippogriffs
  16 polar bears (IceCv)
  2 wyverns (D:9)
  28 yaks
  A basilisk (D:9)
  3 hungry ghosts
  A steam dragon (D:9)
  Menkaure (Ossuary)
  A water moccasin (D:10)
  4 orc warriors
  3 black bears
  6 sky beasts
  6 ogres
  5 phantoms
  2 necrophages (D:6)
  13 wolves (IceCv)
  3 centaurs
  A crocodile (Lair:1)
  2 big kobolds
  An elf zombie (Ossuary)
  5 bullfrogs
  3 scorpions
  4 wights (D:10)
  8 crimson imps
  A bullfrog zombie (D:9)
  3 jellies
  3 centaur zombies
  4 orc priests
  A quasit (D:6)
  5 hounds
  A bullfrog skeleton (D:6)
  8 worker ants
  4 iguanas
  4 orc wizards
  2 ogre zombies (Ossuary)
  A hound skeleton (D:5)
  5 mummies (Ossuary)
  5 gnolls
  15 adders
  4 river rats (Sewer)
  A shadow imp (D:8)
  9 oozes
  3 adder zombies
  4 worms
  2 dart slugs
  2 leopard geckos
  27 orcs
  10 giant cockroaches
  17 hobgoblins
  7 jackals
  6 quokkas
  4 ball pythons
  7 bats
  6 frilled lizards
  6 goblins
  A hobgoblin zombie (Ossuary)
  22 kobolds
  A kobold zombie (Ossuary)
  A quokka zombie (Ossuary)
  14 rats
  A rat zombie (Ossuary)
357 creatures vanquished.

Vanquished Creatures (others)
  A polar bear (IceCv)
  A yak (IceCv)
2 creatures vanquished.

Grand Total: 359 creatures vanquished

Notes
Turn   | Place    | Note
-------+----------+-------------------------------------------
     0 | D:1      | Lasiace the Gnoll Wanderer began the quest for the Orb.
     0 | D:1      | Lasiace set off with: a +2 scale mail, a potion of lignification {!q}, a +0 spear, a bread ration
     0 | D:1      | Reached XP level 1. HP: 23/23 MP: 2/2
   122 | D:1      | Reached XP level 2. HP: 28/29 MP: 3/3
   473 | D:1      | Reached XP level 3. HP: 33/35 MP: 4/4
  1098 | D:2      | Reached skill level 1 in Invocations
  1133 | D:2      | Reached skill level 1 in Short Blades
  1133 | D:2      | Reached skill level 1 in Long Blades
  1133 | D:2      | Reached skill level 1 in Axes
  1133 | D:2      | Reached skill level 1 in Staves
  1133 | D:2      | Reached skill level 1 in Slings
  1133 | D:2      | Reached skill level 1 in Bows
  1133 | D:2      | Reached skill level 1 in Crossbows
  1133 | D:2      | Reached skill level 1 in Throwing
  1133 | D:2      | Reached skill level 1 in Shields
  1133 | D:2      | Reached skill level 1 in Unarmed Combat
  1133 | D:2      | Reached skill level 1 in Spellcasting
  1225 | D:2      | Reached XP level 4. HP: 36/41 MP: 6/6
  1394 | D:2      | Found a sacrificial altar of Ru.
  1637 | D:2      | Found a snail-covered altar of Cheibriados.
  1686 | D:2      | Became a worshipper of Cheibriados the Contemplative
  2056 | D:3      | Found an ancient bone altar of Kikubaaqudgha.
  2062 | D:3      | Found a deep blue altar of Sif Muna.
  2064 | D:3      | Found a radiant altar of Vehumet.
  2068 | D:3      | Identified Sif Muna's Almanac of Enchantment
  2337 | D:3      | Found a white marble altar of Elyvilon.
  2600 | D:3      | Reached skill level 1 in Conjurations
  2600 | D:3      | Reached skill level 1 in Hexes
  2600 | D:3      | Reached skill level 1 in Charms
  2600 | D:3      | Reached skill level 1 in Summonings
  2600 | D:3      | Reached skill level 1 in Necromancy
  2600 | D:3      | Reached skill level 1 in Translocations
  2600 | D:3      | Reached skill level 1 in Transmutations
  2600 | D:3      | Reached skill level 1 in Fire Magic
  2600 | D:3      | Reached skill level 1 in Ice Magic
  2600 | D:3      | Reached skill level 1 in Air Magic
  2600 | D:3      | Reached skill level 1 in Earth Magic
  2600 | D:3      | Reached skill level 1 in Poison Magic
  2600 | D:3      | Reached XP level 5. HP: 45/47 MP: 7/7
  2731 | D:4      | Learned a level 1 spell: Apportation
  2813 | D:4      | Reached XP level 6. HP: 43/53 MP: 8/8
  2871 | D:4      | Reached * piety under Cheibriados
  2951 | D:4      | Found Nizuav's Weapon Emporium.
  2990 | D:4      | Found a staircase to the Ecumenical Temple.
  2999 | Temple   | Entered the Ecumenical Temple
  3253 | D:4      | Reached skill level 5 in Armour
  3622 | D:5      | Entered Level 5 of the Dungeon
  3687 | D:5      | Reached ** piety under Cheibriados
  3747 | D:5      | Reached XP level 7. HP: 57/59 MP: 10/10
  3773 | D:5      | Reached skill level 7 in Fighting
  3774 | D:5      | Found a bloodstained altar of Trog.
  3847 | D:5      | Found a sand-covered staircase.
  3854 | Ossuary  | Entered an ossuary
  3913 | Ossuary  | Noticed Menkaure
  3919 | Ossuary  | Killed Menkaure
  3952 | Ossuary  | Reached XP level 8. HP: 17/67 MP: 12/12
  4109 | D:5      | Gained mutation: You expend magic power (3 MP) to strengthen your wands. [mutagenic meat]
  4110 | D:5      | Gained mutation: Scrolls take you a little longer to read. [mutagenic meat]
  4114 | D:5      | Found a glowing drain.
  4144 | Sewer    | Entered a sewer
  4304 | Sewer    | Reached *** piety under Cheibriados
  4914 | D:5      | Reached **** piety under Cheibriados
  4952 | D:5      | Found an ornate altar of the Wu Jian Council.
  5202 | D:5      | Reached XP level 9. HP: 72/72 MP: 14/14
  5594 | D:6      | Found Caontuv's General Store.
  5598 | D:6      | Bought a scroll of noise for 14 gold pieces
  5630 | D:6      | Gained mutation: Your spells are a little easier to cast, but a little less powerful. [mutagenic meat]
  5632 | D:6      | Gained mutation: Your flesh is heat resistant. (rF+) [mutagenic meat]
  5633 | D:6      | Lost mutation: Your spells are a little easier to cast, but a little less powerful. [mutagenic meat]
  5646 | D:6      | Found a bloodstained altar of Trog.
  5650 | D:6      | Found a stormy altar of Qazlal.
  5651 | D:6      | Found a blossoming altar of Fedhas.
  5675 | D:6      | Noticed Grinder
  5684 | D:6      | Killed Grinder
  5684 | D:6      | Reached skill level 5 in Maces & Flails
  5684 | D:6      | Reached skill level 5 in Polearms
  5684 | D:6      | Reached skill level 5 in Dodging
  5684 | D:6      | Reached skill level 5 in Evocations
  5794 | D:6      | Reached ***** piety under Cheibriados
  5813 | D:6      | Reached skill level 5 in Stealth
  5841 | D:6      | Reached skill level 8 in Fighting
  5998 | D:6      | Noticed BingusPrime's ghost (novice GnFi)
  6019 | D:6      | Killed BingusPrime's ghost
  6019 | D:6      | Reached skill level 5 in Invocations
  6019 | D:6      | Reached XP level 10. HP: 56/80 MP: 15/17
  6578 | D:7      | Reached skill level 5 in Short Blades
  6578 | D:7      | Reached skill level 5 in Long Blades
  6578 | D:7      | Reached skill level 5 in Axes
  6578 | D:7      | Reached skill level 5 in Staves
  6578 | D:7      | Reached skill level 5 in Slings
  6578 | D:7      | Reached skill level 5 in Bows
  6578 | D:7      | Reached skill level 5 in Crossbows
  6578 | D:7      | Reached skill level 5 in Throwing
  6578 | D:7      | Reached skill level 5 in Shields
  6578 | D:7      | Reached skill level 5 in Unarmed Combat
  6578 | D:7      | Reached skill level 5 in Spellcasting
  7381 | D:8      | Found a hide-covered altar of Uskayaw.
  7546 | D:8      | Found a shimmering altar of Xom.
  7852 | D:9      | Noticed a two-headed ogre
  7863 | D:9      | Killed a two-headed ogre
  7864 | D:9      | Found a staircase to the Orcish Mines.
  8114 | D:9      | Noticed a two-headed ogre
  8122 | D:9      | Reached ****** piety under Cheibriados
  8134 | D:9      | Killed a two-headed ogre
  8134 | D:9      | Reached XP level 11. HP: 35/87 MP: 19/19
  8504 | D:9      | Found an iron altar of Okawaru.
  8598 | D:9      | Reached skill level 9 in Fighting
  8651 | D:9      | Reached skill level 5 in Conjurations
  8651 | D:9      | Reached skill level 5 in Hexes
  8651 | D:9      | Reached skill level 5 in Charms
  8651 | D:9      | Reached skill level 5 in Summonings
  8651 | D:9      | Reached skill level 5 in Necromancy
  8651 | D:9      | Reached skill level 5 in Translocations
  8651 | D:9      | Reached skill level 5 in Transmutations
  8651 | D:9      | Reached skill level 5 in Fire Magic
  8651 | D:9      | Reached skill level 5 in Ice Magic
  8651 | D:9      | Reached skill level 5 in Air Magic
  8651 | D:9      | Reached skill level 5 in Earth Magic
  8651 | D:9      | Reached skill level 5 in Poison Magic
  8987 | D:9      | Found a staircase to the Lair.
  9145 | D:9      | Found a glowing golden altar of the Shining One.
  9328 | D:10     | Entered Level 10 of the Dungeon
  9364 | D:10     | Noticed a two-headed ogre
  9377 | D:10     | Killed a two-headed ogre
  9699 | D:10     | Gained mutation: You are somewhat resistant to further mutation. [mutagenic meat]
  9700 | D:10     | Gained mutation: You are partially covered in large bone plates. (SH +4) [mutagenic meat]
  9701 | D:10     | Lost mutation: Scrolls take you a little longer to read. [potion of mutation]
  9701 | D:10     | Lost mutation: You expend magic power (3 MP) to strengthen your wands. [potion of mutation]
 10169 | D:10     | Noticed an unseen horror
 10177 | D:10     | Killed an unseen horror
 10184 | D:10     | Noticed an unseen horror
 10191 | D:10     | Killed an unseen horror
 10191 | D:10     | Reached XP level 12. HP: 96/96 MP: 20/22
 10324 | D:10     | Noticed a two-headed ogre
 10389 | D:10     | Killed a two-headed ogre
 10715 | Lair:1   | Entered Level 1 of the Lair of Beasts
 10974 | Lair:1   | Found a frozen archway.
 11019 | IceCv    | Entered an ice cave
 11126 | IceCv    | Noticed chequers's ghost (journeyman GnMo)
 11154 | IceCv    | Killed chequers's ghost
 11779 | IceCv    | Reached skill level 10 in Fighting
 12498 | IceCv    | Noticed a frost giant
 12606 | IceCv    | Reached XP level 13. HP: 80/103 MP: 24/24
 12732 | IceCv    | Killed from afar by a frost giant

Vault maps used:
D:1:      dpeg_arrival_yet_another_circle
D:2:      old_standard_altar, kennysheep_slug_shrine
D:3:      grunt_temple_overflow_magic_moments, marbit_many_paths
D:4:      corexii_shack_village, temple_hall, serial_shops, shop
D:5:      lemuel_coloured_pillars_altar, cheibrodos_sewer_entry_drain,
          first_bread, lightli_ossuary_entry_decrepit_ruins, bloody_trog
D:6:      kennysheep_spiral_hall, minitemple, serial_shops, shop_fountains,
          uniq_grinder
D:8:      kennysheep_mini, kennysheep_little_box, grunt_ogre_cave,
          nrook_loot_triangle
D:9:      nicolae_tso_swordbearing_angel, erik_lair_dragon,
          okawaru_altar_gauntlet_db
Temple:   nicolae_temple_figure_zero
Lair:1:   statuecave_lemuel, portal_ice_cave_rime
Sewer:    sewer_co_tree
Ossuary:  ossuary_boxes_badplayer
IceCv:    ice_cave_caverns_01

Skill      XL: |  1  2  3  4  5  6  7  8  9 10 11 12 |
---------------+-------------------------------------+-----
Invocations    | 1 2 3 4 5 6 7 8 |  8.5
Short Blades   | 1 2 3 4 5 6 7 |  7.7
Long Blades    | 1 2 3 4 5 6 7 |  7.7
Axes           | 1 2 3 4 5 6 7 |  7.7
Staves         | 1 2 3 4 5 6 7 |  7.7
Slings         | 1 2 3 4 5 6 7 |  7.7
Bows           | 1 2 3 4 5 6 7 |  7.7
Crossbows      | 1 2 3 4 5 6 7 |  7.7
Throwing       | 1 2 3 4 5 6 7 |  7.7
Shields        | 1 2 3 4 5 6 7 |  7.7
Unarmed Combat | 1 2 3 4 5 6 7 |  7.7
Spellcasting   | 1 2 3 4 5 6 7 |  7.7
Conjurations   | 1 2 3 4 5 6 |  6.4
Hexes          | 1 2 3 4 5 6 |  6.4
Charms         | 1 2 3 4 5 6 |  6.4
Summonings     | 1 2 3 4 5 6 |  6.4
Necromancy     | 1 2 3 4 5 6 |  6.4
Translocations | 1 2 3 4 5 6 |  6.4
Transmutations | 1 2 3 4 5 6 |  6.4
Fire Magic     | 1 2 3 4 5 6 |  6.4
Ice Magic      | 1 2 3 4 5 6 |  6.4
Air Magic      | 1 2 3 4 5 6 |  6.4
Earth Magic    | 1 2 3 4 5 6 |  6.4
Poison Magic   | 1 2 3 4 5 6 |  6.4
Maces & Flails | 3 4 5 6 7 8 |  8.2
Polearms       | 3 4 5 6 7 8 |  8.2
Dodging        | 3 4 5 6 7 8 |  8.2
Evocations     | 3 4 5 6 7 8 |  8.2
Stealth        | 3 4 5 6 7 8 |  8.1
Armour         | 5 6 7 8 9 |  9.1
Fighting       | 7 8 9 10 | 10.1

Action                   |  1- 3 |  4- 6 |  7- 9 | 10-12 | 13-15 || total
-------------------------+-------+-------+-------+-------+-------++-------
Melee: Spear             |   139 |     7 |       |       |       ||   146
       Bite              |    20 |    14 |    41 |   117 |     6 ||   198
       Punch             |     1 |       |       |       |       ||     1
       War axe           |       |   113 |   176 |   424 |    33 ||   746
       Unarmed           |       |     2 |       |       |       ||     2
 Fire: Hunting sling     |    36 |    94 |   229 |   264 |       ||   623
       Hand crossbow     |       |       |       |    55 |       ||    55
Throw: Stone             |     7 |    15 |     7 |       |       ||    29
       Javelin           |       |     2 |     7 |       |       ||     9
       Tomahawk          |       |       |    11 |    24 |       ||    35
 Cast: Apportation       |       |       |     1 |       |       ||     1
Invok: Step From Time    |       |       |       |     1 |       ||     1
  Use: Scroll            |     5 |     7 |       |     6 |       ||    18
       Potion            |       |       |       |     1 |       ||     1
 Stab: Sleeping          |       |       |     1 |       |       ||     1
       Distracted        |       |       |       |     1 |     3 ||     4
  Eat: Chunk             |     1 |     7 |    11 |    15 |       ||    34
Armor: Scale mail        |    61 |    57 |    94 |    62 |       ||   274
       Chain mail        |       |       |       |   108 |     9 ||   117
Dodge: Dodged            |    58 |    74 |   115 |   363 |    16 ||   626
Block: Buckler           |    11 |    29 |    51 |   304 |    28 ||   423

Table legend:
 A = Spawn XP
 B = Non-spawn XP
 C = Spawn XP percentage of total XP
 D = Spawn monster count
 E = Non-spawn monster count
 F = Spawn count percentage of total count
 G = Total turns spent on level
                    A         B        C        D         E        F      G
               +---------+---------+-------+---------+---------+-------+---------
         Total |       0 |   33221 |   0.0 |       0 |     359 |   0.0 | 12732
               +---------+---------+-------+---------+---------+-------+---------
           D:1 |       0 |      41 |   0.0 |       0 |      25 |   0.0 |   831
           D:2 |       0 |      65 |   0.0 |       0 |      24 |   0.0 |  1136
           D:3 |       0 |      68 |   0.0 |       0 |      11 |   0.0 |   688
           D:4 |       0 |     286 |   0.0 |       0 |      31 |   0.0 |   849
           D:5 |       0 |    1180 |   0.0 |       0 |      31 |   0.0 |   825
           D:6 |       0 |    2453 |   0.0 |       0 |      30 |   0.0 |   940
           D:7 |       0 |    1351 |   0.0 |       0 |      19 |   0.0 |   738
           D:8 |       0 |    1097 |   0.0 |       0 |      16 |   0.0 |   714
           D:9 |       0 |    5363 |   0.0 |       0 |      33 |   0.0 |  1610
          D:10 |       0 |    7642 |   0.0 |       0 |      40 |   0.0 |  1330
        Lair:1 |       0 |    1711 |   0.0 |       0 |       5 |   0.0 |   304
         Sewer |       0 |     276 |   0.0 |       0 |      28 |   0.0 |   740
       Ossuary |       0 |     518 |   0.0 |       0 |      17 |   0.0 |   196
         IceCv |       0 |   11170 |   0.0 |       0 |      49 |   0.0 |  1713
               +---------+---------+-------+---------+---------+-------+---------
